 Dungeon Crawl Stone Soup version 0.22-a0-305-gd21a89c (webtiles) character file.

878 vishdafish the Torchbearer (level 7, -6/55 HPs)
             Began as a Demonspawn Fighter on Mar 30, 2018.
             Was a Follower of Yredelemnul.
             Mangled by an orc warrior
             ... wielding a +2 short sword of speed
              (9 damage)
             ... on level 5 of the Dungeon.
             The game lasted 00:05:28 (4639 turns).

vishdafish the Torchbearer (Demonspawn Fighter)     Turns: 4639, Time: 00:05:29

Health: -6/55      AC:  7    Str: 16    XL:     7   Next: 75%
Magic:  0/10       EV: 10    Int: 11    God:    Yredelemnul [*.....]
Gold:   217        SH:  9    Dex: 13    Spells: 6/6 levels left

rFire    . . .     SeeInvis .   a - +0 long sword
rCold    + + .     Gourm    .   c - +0 shield
rNeg     . . .     Faith    .   b - +0 scale mail
rPois    .         Spirit   +   (helmet restricted)
rElec    .         Reflect  .   l - scarf {Spirit}
rCorr    .         Harm     .   (no gloves)
MR       .....                  (no boots)
Stlth    ..........             (no amulet)
HPRegen  0.18/turn              z - ring of protection from cold
MPRegen  0.12/turn              k - ring of protection from cold

@: no status effects
A: horns 1, repulsion field 1
a: Animate Remains, Renounce Religion


You were on level 5 of the Dungeon.
You worshipped Yredelemnul.
Yredelemnul was aware of your devotion.
You were hungry.

You visited 1 branch of the dungeon, and saw 6 of its levels.

You collected 217 gold pieces.

Inventory:

Hand Weapons
 a - a +0 long sword (weapon)
Armour
 b - a +0 scale mail (worn)
 c - a +0 shield (worn)
 l - a scarf of spirit shield (worn)
Jewellery
 d - an uncursed ring of flight
 k - a ring of protection from cold (right hand)
 z - a ring of protection from cold (left hand)
Scrolls
 g - a scroll of fog {unknown}
 h - 5 scrolls of remove curse
 i - a scroll of enchant armour {unknown}
 j - a scroll of random uselessness {unknown}
 n - 5 scrolls of teleportation
 o - 2 scrolls of enchant weapon {unknown}
 t - a scroll of amnesia {unknown}
 u - 5 scrolls of magic mapping {unknown}
 v - a scroll of immolation {unknown}
 x - 3 scrolls of identify
 y - a scroll of fear {unknown}
Potions
 e - a potion of degeneration {unknown}
 m - a potion of ambrosia
 p - a potion of brilliance {unknown}
 q - 2 potions of berserk rage {unknown}
 r - a potion of flight {unknown}
 s - 3 potions of curing
 w - a potion of cancellation {unknown}
 A - a potion of magic {unknown}
Comestibles
 f - 11 rations


   Skills:
 + Level 4.5 Fighting
 * Level 4.5 Long Blades
 + Level 4.0 Armour
 + Level 2.1 Dodging
 + Level 3.9 Shields
 * Level 5.0 Invocations


You had 6 spell levels left.
You didn't know any spells.

Dungeon Overview and Level Annotations

Branches:
Dungeon (6/15)
 Temple: D:4-7

Altars:
Gozag
Okawaru
Wu Jian
Yredelemnul
Zin


Innate Abilities, Weirdness & Mutations

You have a pair of small horns on your head.
You are surrounded by a mild repulsion field. (EV +2)


Message History

You hit the orc wizard but do no damage.
The orc wizard is severely wounded.
The orc wizard barely misses you.
You riposte.
You closely miss the orc wizard.
The orc wizard is severely wounded.
Something hits you but does no damage. You block the orc warrior's attack. x2
You block the orc wizard's attack.
You hear some strange, mumbled words.
A puff of flame appears from out of thin air!
The puff of flame hits you!
Your shield and scale mail prevent you from hitting the orc wizard.
The orc wizard is severely wounded.
The orc warrior hits you with a short sword of speed!
* * * LOW HITPOINT WARNING * * *
You block the orc wizard's attack. Something hits you but does no damage.
Unknown command.
The orc warrior hits you with a short sword of speed!
* * * LOW HITPOINT WARNING * * *
The orc warrior hits you with a short sword of speed!
You die...
Your body rises from the dead as a mindless zombie.

##..#.................##.##.#
##..#.......##..#####.##.##.#
##................# #.##.##.#
##.###......##..#.# #.##.##.#
............#...#.###.##.##.#
##.##.......#...#.#<..)..##.#
...............<#.####.####.#
##.............>o...........#
...............o@......##########
...##'#####......................
...##.# #......................
...##.#####......###############.
.................# #.
#.###.#####..(...# #. #.#
#............# #. #.#
#######......# #. #.# ######## #.


You could see an orc warrior and an orc wizard.

Vanquished Creatures
  Grinder (D:5)
  An ice beast (D:5)
  A howler monkey (D:5)
  2 crimson imps (D:5)
  A bullfrog zombie (D:5)
  A centaur zombie (D:5)
  A bullfrog skeleton (D:5)
  5 orc wizards
  5 worker ants
  A hound skeleton (D:5)
  3 adders
  A shadow imp (D:4)
  2 adder skeletons (D:4)
  3 worms
  A dart slug (D:2)
  2 leopard geckos
  11 orcs
  6 giant cockroaches
  4 goblins
  5 hobgoblins
  4 jackals (D:4)
  5 kobolds
  3 quokkas
  5 bats
  3 frilled lizards
  4 rats
81 creatures vanquished.

Notes
Turn   | Place    | Note
-------+----------+-------------------------------------------
     0 | D:1      | vishdafish the Demonspawn Fighter began the quest for the Orb.
     0 | D:1      | Reached XP level 1. HP: 18/18 MP: 1/1
   953 | D:2      | Gained mutation: You are surrounded by a mild repulsion field. (EV +2) [demonic ancestry]
   953 | D:2      | Reached XP level 2. HP: 24/24 MP: 2/2
  1219 | D:2      | Found a faded altar of an unknown god.
  1439 | D:2      | Reached XP level 3. HP: 19/29 MP: 3/3
  1462 | D:2      | Found a basalt altar of Yredelemnul.
  1654 | D:2      | Found a glowing silver altar of Zin.
  1656 | D:2      | Found an opulent altar of Gozag.
  2190 | D:3      | Reached XP level 4. HP: 31/35 MP: 4/4
  2233 | D:2      | Became a worshipper of Yredelemnul the Dark
  2650 | D:4      | Reached skill level 1 in Invocations
  2993 | D:4      | Gained mutation: You have a pair of small horns on your head. [demonic ancestry]
  2993 | D:4      | Reached XP level 5. HP: 34/42 MP: 4/6
  3011 | D:4      | Reached skill level 2 in Invocations
  3021 | D:4      | Reached skill level 1 in Dodging
  3267 | D:4      | Found an iron altar of Okawaru.
  3387 | D:4      | Reached XP level 6. HP: 44/48 MP: 5/8
  3423 | D:4      | Reached * piety under Yredelemnul
  3638 | D:5      | Entered Level 5 of the Dungeon
  3640 | D:5      | Noticed an ice beast
  3664 | D:5      | Reached skill level 3 in Invocations
  3676 | D:5      | Killed an ice beast
  4106 | D:5      | Noticed Grinder
  4119 | D:5      | Reached XP level 7. HP: 42/54 MP: 6/9
  4124 | D:5      | Reached skill level 4 in Invocations
  4139 | D:5      | Killed Grinder
  4258 | D:5      | Found an ornate altar of the Wu Jian Council.
  4416 | D:5      | Found a glowing silver altar of Zin.
  4561 | D:5      | Reached skill level 5 in Invocations
  4639 | D:5      | Mangled by an orc warrior

Vault maps used:
D:1:      nicolae_arrival_somewhat_less_tricky_arrival
D:2:      grunt_temple_overflow_gold_and_silver,
          chequers_ecumenical_altar_simple_redux, yredelemnul_altar_generic
D:4:      kennysheep_mini_moat, first_ration
D:5:      lemuel_doored_altar, basic_altar, uniq_grinder
D:6:      minmay_temple_entry_grid, uniq_menkaure

Skill      XL: |  1  2  3  4  5  6  7 |
---------------+----------------------+-----
Long Blades    | 2 3 4 |  4.5
Armour         | 3 4 |  4.0
Shields        | 3 |  3.9
Invocations    | 1 2 3 5 |  5.0
Dodging        | 1 2 |  2.1
Fighting       | 4 |  4.5

Action                   |  1- 3 |  4- 6 |  7- 9 || total
-------------------------+-------+-------+-------++-------
Melee: Long sword        |   136 |   182 |    58 ||   376
       Headbutt          |       |    25 |    11 ||    36
  Use: Scroll            |     4 |       |       ||     4
       Potion            |       |     1 |     1 ||     2
  Eat: Chunk             |     4 |     6 |     2 ||    12
Armor: Scale mail        |    69 |    86 |    24 ||   179
Dodge: Dodged            |    45 |    76 |    31 ||   152
Block: Shield            |    72 |    97 |    31 ||   200
       Rpst.: Long sword |    17 |    26 |     7 ||    50

Table legend:
 A = Spawn XP
 B = Non-spawn XP
 C = Spawn XP percentage of total XP
 D = Spawn monster count
 E = Non-spawn monster count
 F = Spawn count percentage of total count
 G = Total turns spent on level
                    A         B        C        D         E        F      G
               +---------+---------+-------+---------+---------+-------+---------
         Total |       0 |    1255 |   0.0 |       0 |      81 |   0.0 |  4639
               +---------+---------+-------+---------+---------+-------+---------
           D:1 |       0 |      11 |   0.0 |       0 |       7 |   0.0 |   948
           D:2 |       0 |      62 |   0.0 |       0 |      19 |   0.0 |  1056
           D:3 |       0 |      36 |   0.0 |       0 |      12 |   0.0 |   516
           D:4 |       0 |     311 |   0.0 |       0 |      23 |   0.0 |  1118
           D:5 |       0 |     832 |   0.0 |       0 |      19 |   0.0 |   979
           D:6 |       0 |       3 |   0.0 |       0 |       1 |   0.0 |    22
               +---------+---------+-------+---------+---------+-------+---------
